 Dungeon Crawl Stone Soup version 0.31-a0-239-g0a1456f148 (webtiles) character file.

Game seed: 8649165476232263370

112 qw the Shooter (level 4, -1/37 HPs)
             Began as a Minotaur Hexslinger on July 11, 2023.
             Slain by a gnoll
             ... wielding a +0 spear
             ... led by a gnoll bouda
              (2 damage)
             ... on level 4 of the Dungeon.
             The game lasted 00:00:55 (2591 turns).

qw the Shooter (Minotaur Hexslinger)                Turns: 2591, Time: 00:00:56

Health: -1/37      AC:  4    Str: 12    XL:     4   Next: 64%
Magic:  4/4        EV:  9    Int: 10    God:
Gold:   151        SH:  0    Dex: 15    Spells: 4/5 levels left

rFire   + . .        Y - +2 sling
rCold   . . .        (no shield)
rNeg    + . .        j - +2 robe {rF+}
rPois   .            (helmet restricted)
rElec   .            (no cloak)
rCorr   +            (no gloves)
SInv    .            (no boots)
Will    .....        (no amulet)
Stlth   +            a - ring of resist corrosion
HPRegen 0.26/turn    e - ring of positive energy
MPRegen 0.09/turn

%: no passive effects
@: about to teleport, constricted
A: horns 2, retaliatory headbutt
a: no special abilities


You were on level 4 of the Dungeon.
You visited 1 branch of the dungeon, and saw 4 of its levels.

You collected 151 gold pieces.


Innate Abilities, Weirdness & Mutations

You have a pair of horns on your head.
You reflexively headbutt those who attack you in melee.


   Skills:
 + Level 2.4 Fighting
 - Level 5.0 Ranged Weapons
 - Level 2.1 Dodging
 - Level 1.0 Spellcasting
 - Level 2.0 Hexes


You had 4 spell levels left.
You knew the following spells:

 Your Spells              Type           Power      Damage    Failure   Level
a - Slow                  Hex            16%        N/A       16%         1

Your spell library contained the following spells:

 Spells                   Type           Power      Damage    Failure   Level
 Inner Flame              Hex/Fire       2%         N/A       56%         3
 Portal Projectile        Hex/Tloc       4%         N/A       56%         3
 Cause Fear               Hex            2%         N/A       83%         4

Inventory:

Hand Weapons
 Y - a +2 sling (weapon)
Armour
 j - a +2 robe of fire resistance (worn)
Jewellery
 a - a ring of resist corrosion (left hand)
 e - a ring of positive energy (right hand)
Scrolls
 c - 3 scrolls of teleportation
 h - a scroll of identify
Potions
 d - a potion of might
 i - a potion of enlightenment
 l - a potion of resistance {unknown}
 m - a potion of invisibility {unknown}

Dungeon Overview and Level Annotations

Branches:
Dungeon (4/15)
 Temple: D:4-7

Altars:
Kikubaaqudgha
Zin

Shops:
D:1 (


Message History

The gnoll shouts!
The sling bullet hits the adder!
You kill the adder!
You hear an angry hiss.
An adder comes into view.
A ball python comes into view.
You feel your intelligence returning.
You shoot a sling bullet.
The sling bullet barely misses the gnoll.
You shoot a sling bullet.
The sling bullet hits the gnoll but does no damage.
The gnoll hits you but does no damage. x2
The gnoll hits you from afar with a +0 spear.
You shoot a sling bullet. The sling bullet hits the gnoll bouda.
The gnoll bouda is moderately wounded.
The gnoll closely misses you. x2
The gnoll bouda gazes fiercely through you!
You feel your attacks grow feeble.
The gnoll bouda hits you with a +0 club!
You shoot a sling bullet.
The sling bullet closely misses the gnoll bouda.
The sling bullet completely misses the gnoll.
The gnoll hits you from afar with a +0 spear. x2
The gnoll bouda misses you.
You shoot a sling bullet. The sling bullet hits the gnoll bouda.
The gnoll bouda is heavily wounded.
The gnoll barely misses you.
The gnoll hits you from afar with a +0 spear.
The gnoll bouda hits you with a +0 club.
2590 ||| READING 4 scrolls of teleportation.
As you read the scroll of teleportation, it crumbles to dust.
You feel strangely unstable.
Your attacks no longer feel as feeble.
The gnoll hits you from afar with a +0 spear.
The gnoll barely misses you.
You shoot a sling bullet.
The sling bullet closely misses the gnoll bouda.
The ball python bites you. The ball python grabs you.
The ball python constricts you.
The gnoll hits you from afar with a +0 spear.
You die...

..##.
..#.# .
....
..##...
..._S
##.gg## #
#..gSg#.#
#@..#
##..# .##
##


You could see a gnoll bouda, 3 gnolls, an adder and a ball python.

Vanquished Creatures
  4 adders
  A river rat (D:4)
  2 worms (D:3)
  4 orcs
  3 endoplasms
  A giant cockroach (D:4)
  3 goblins
  5 hobgoblins
  4 jackals (D:3)
  6 kobolds
  2 quokkas
  5 ball pythons
  9 bats
  5 frilled lizards
  4 rats
58 creatures vanquished.

Notes
Turn   | Place    | Note
-------+----------+-------------------------------------------
     0 | D:1      | qw the Minotaur Hexslinger began the quest for the Orb.
     0 | D:1      | Reached XP level 1. HP: 16/16 MP: 1/1
     0 | D:1      | 0 ||| qw: Version: 0.3-a-52-g30416fa
     0 | D:1      | 0 ||| qw: Game counter: 5945
     0 | D:1      | 0 ||| qw: Melee chars always use a shield: true
     0 | D:1      | 0 ||| qw: God list: Okawaru
     0 | D:1      | 0 ||| qw: Allow faded altars: false
     0 | D:1      | 0 ||| qw: Do Orc after clearing Dungeon:15 true
     0 | D:1      | 0 ||| qw: Do second Lair branch before Depths: true
     0 | D:1      | 0 ||| qw: Lair rune preference: random
     0 | D:1      | 0 ||| qw: Goals: Normal
     0 | D:1      | 0 ||| PLANNING D:1-11
   239 | D:1      | Found Kiczio's Weapon Shop.
   245 | D:1      | 245 ||| SHOPLISTING +0 orcbow (42 gold, have 18).
   291 | D:1      | Reached skill level 3 in Ranged Weapons
   299 | D:1      | Reached XP level 2. HP: 23/23 MP: 2/2
   636 | D:1      | 636 ||| UPGRADING to +0 leather armour.
   646 | D:1      | 646 ||| DROPPING +0 robe.
   647 | D:1      | 647 ||| UPGRADING to +0 ring mail.
   657 | D:1      | 657 ||| DROPPING +0 leather armour.
   658 | D:1      | 658 ||| UPGRADING to +2 robe of fire resistance.
   668 | D:1      | 668 ||| DROPPING +0 ring mail.
   669 | D:1      | 669 ||| READING scroll labelled NATUNTAUZXI.
   670 | D:1      | 670 ||| READING 2 scrolls labelled XAYSTR GUMETT.
   671 | D:1      | 671 ||| READING scroll labelled GUEKEH VYTUNTI.
   672 | D:1      | 672 ||| DRINKING 2 sedimented red potions.
   673 | D:1      | 673 ||| DRINKING 2 inky potions.
   674 | D:1      | 674 ||| DROPPING scroll of poison.
   675 | D:1      | 675 ||| DROPPING potion of degeneration.
   802 | D:2      | Reached XP level 3. HP: 22/29 MP: 3/3
  1014 | D:2      | 1014 ||| UPGRADING to ring of resist corrosion.
  1019 | D:2      | Reached skill level 4 in Ranged Weapons
  1555 | D:2      | 1555 ||| READING 3 scrolls labelled VYAMEMU SETTUL.
  1558 | D:2      | 1558 ||| READING 2 scrolls of identify.
  1558 | D:2      | 1558 ||| IDENTIFYING white potion
  1807 | D:3      | Reached XP level 4. HP: 35/36 MP: 4/4
  2321 | D:3      | Found a glowing silver altar of Zin.
  2479 | D:3      | 2479 ||| UPGRADING to ring of positive energy.
  2480 | D:3      | 2480 ||| READING 3 scrolls of identify.
  2480 | D:3      | 2480 ||| IDENTIFYING coppery potion
  2481 | D:3      | 2481 ||| READING 2 scrolls of identify.
  2481 | D:3      | 2481 ||| IDENTIFYING yellow potion
  2482 | D:3      | 2482 ||| DROPPING potion of attraction.
  2515 | D:4      | 2515 ||| PLANNING SEWER
  2572 | D:4      | Reached skill level 5 in Ranged Weapons
  2575 | D:4      | HP: 7/36 [orc/+0 club (5)]
  2576 | D:4      | 2576 ||| READING 5 scrolls of teleportation.
  2577 | D:4      | 2577 ||| DRINKING potion of heal wounds.
  2580 | D:4      | Found an ancient bone altar of Kikubaaqudgha.
  2589 | D:4      | HP: 7/37 [gnoll/+0 spear[a gnoll bouda] (6)]
  2590 | D:4      | 2590 ||| READING 4 scrolls of teleportation.
  2590 | D:4      | HP: 3/37 [gnoll/+0 spear[a gnoll bouda] (2)]
  2591 | D:4      | HP: 1/37 [ball python (2)]
  2591 | D:4      | Slain by a gnoll

Levels and vault maps discovered:
D:1:      dpeg_arrival_ternary, layout_basic, serial_shops,
          nicolae_shop_rolling_square, minivault_11
D:2:      layout_loops_corners, hangedman_glass_teeth, serial_bayou_crossing
D:3:      layout_basic, zin_treasury
D:4:      layout_rooms, mainiacjoe_overflow_small_starburst,
          mainiacjoe_overflow_tiny_flanked, lightli_sewer_entry_pipes,
          uniq_blork_the_orc

Skill      XL: |  1  2  3  4 |
---------------+-------------+-----
Ranged Weapons | 3 4 5 |  5.0
Fighting       | 2 |  2.4
Dodging        | |  2.1
Spellcasting   | |  1.0
Hexes          | |  2.0

Action                     |  1- 3 |  4- 6 || total
---------------------------+-------+-------++-------
   Fire: Sling             |   124 |    69 ||   193
    Use: Scroll            |     5 |     4 ||     9
         Potion            |     2 |     1 ||     3
 Armour: Robe              |    18 |    10 ||    28
  Dodge: Dodged            |    48 |    21 ||    69

Table legend:
 A = Non-vault XP
 B = Vault XP
 C = Vault XP percentage of total XP
 D = Non-vault monster count
 E = Vault monster count
 F = Vault count percentage of total count
                 A         B        C        D         E       F
            +---------+---------+-------+---------+---------+-------
      Total |     148 |      13 |   8.1 |      57 |       1 |   1.7
            +---------+---------+-------+---------+---------+-------
        D:1 |      28 |       0 |   0.0 |      20 |       0 |   0.0
        D:2 |      56 |       0 |   0.0 |      13 |       0 |   0.0
        D:3 |      43 |       0 |   0.0 |      20 |       0 |   0.0
        D:4 |      21 |      13 |  38.2 |       4 |       1 |  20.0
            +---------+---------+-------+---------+---------+-------
